 Dungeon Crawl Stone Soup version 0.23-a0-667-gc184e93 (webtiles) character file.

123 Lanoc the Chopper (level 5, -3/70 HPs)
             Began as a Hill Orc Chaos Knight on Jan 8, 2019.
             Was an Initiate of Beogh.
             Slain by an iron imp (5 damage)
             ... summoned by Xom
             ... on level 3 of the Dungeon.
             The game lasted 00:04:46 (1516 turns).

Lanoc the Chopper (Hill Orc Chaos Knight)           Turns: 1516, Time: 00:04:46

Health: -3/70      AC: 22    Str: 16      XL:     5   Next: 7%
Magic:  0/5        EV:  2    Int: 19      God:    Beogh [......]
Gold:   88         SH:  0    Dex:  8 (10) Spells: 4/4 levels left

rFire    . . .     SeeInvis .   a - +0 hand axe (chaos)
rCold    + . .     Gourm    .   (no shield)
rNeg     + + +     Faith    .   (armour currently unavailable)
rPois    +         Spirit   .   (helmet currently unavailable)
rElec    .         Reflect  .   (cloak currently unavailable)
rCorr    .         Harm     .   (gloves currently unavailable)
MR       .....     Rnd*Rage +   (boots currently unavailable) Stlth +.........NoTele +
                                (no amulet)
HPRegen  0.21/turn              h - ring of protection from cold
MPRegen  0.09/turn              (no ring)

@: brilliant, tree-form, hasted, very quick
A: berserk 1, clever 1
a: Renounce Religion


You were on level 3 of the Dungeon.
You worshipped Beogh.
Beogh was noncommittal.
You were not hungry.
You were a tree.
You visited 1 branch of the dungeon, and saw 3 of its levels.

You collected 88 gold pieces.

Inventory:

Hand Weapons
 a - a +0 hand axe of chaos (weapon)
Armour
 b - a +3 leather armour (melded)
Jewellery
 h - a ring of protection from cold (left branch)
Wands
 n - a wand of disintegration (16)
Scrolls
 d - 2 scrolls of fog
 i - a scroll of remove curse {unknown}
 m - a scroll of enchant armour
 o - a scroll of teleportation
 q - a scroll of blinking {unknown}
Comestibles
 c - 8 rations


   Skills:
 + Level 4.4 Fighting
 * Level 5.6 Axes
 + Level 3.1 Armour
 + Level 1.7 Dodging


You had 4 spell levels left.
You didn't know any spells.
Your spell library was empty.

Dungeon Overview and Level Annotations

Branches:
Dungeon (3/15)

Altars:


Innate Abilities, Weirdness & Mutations

((You are partially covered in iridescent scales. (AC +2)))
You tend to lose your temper in combat.
Your mind is acute. (Int +2)
((Your movements are slightly less encumbered by armour. (ER -2)))


Message History

The quasit claws you but does no damage.
The quasit claws you.
* * * LOW HITPOINT WARNING * * *
The quasit bites you but does no damage.
The quasit claws you but does no damage.
The quasit barely misses you. The crimson imp spits at you.
The chaos spawn gores you but does no damage.
The ynoxinul gestures.
As you read the scroll labeled COENUBE YNICI, it crumbles to dust.
Your ears itch!
It was a scroll of random uselessness.
The quasit bites you but does no damage.
The quasit claws you but does no damage. x2
The quasit bites you but does no damage.
The quasit claws you but does no damage. x2
The quasit bites you but does no damage.
The quasit claws you but does no damage. x2
As you read the scroll labeled KENOAB HUCHITZ, it crumbles to dust.
The scroll dissolves into smoke.
It was a scroll of fog.
The iron imp hits you.
You die...

######## #......## #<####..#
####### ##5## #(...). ##555##
#.##### ## ##55553## ###.### .
..# ##5#4♣5#.#####.....# # #.#
##.8585858.##.......# # #.#
###....55555..#.#.....# ####.#
#.'.....[.....'.####### ...#.#
#.#...........###
.....####.##.8.8.8.8.############
...........##.#...#.##...........
>...........##.....##....########
.#.############...##.###.#


You could see a ynoxinul, a chaos spawn, an iron imp, 4 quasits, 2 crimson imps,
a white imp, a shadow imp and 8 ufetubi.

Vanquished Creatures
  A bullfrog skeleton (D:3)
  2 adders
  An ooze (D:1)
  A worm (D:2)
  3 dart slugs (D:1)
  A leopard gecko (D:3)
  An orc (D:3)
  A ball python (D:1)
  A giant cockroach (D:2)
  8 hobgoblins
  3 jackals (D:2)
  2 quokkas (D:2)
  10 bats
  2 frilled lizards
  8 goblins
  7 kobolds
  8 rats
60 creatures vanquished.

Vanquished Creatures (others)
  A leopard gecko (D:3)
1 creature vanquished.

Grand Total: 61 creatures vanquished

Notes
Turn   | Place    | Note
-------+----------+-------------------------------------------
     0 | D:1      | Lanoc the Hill Orc Chaos Knight began the quest for the
                  | Orb.
     0 | D:1      | Reached XP level 1. HP: 19/19 MP: 1/1
    93 | D:1      | Reached skill level 1 in Dodging
    93 | D:1      | Reached XP level 2. HP: 23/27 MP: 2/2
   221 | D:1      | XOM: harmless Pois miscast
   302 | D:1      | XOM: harmless Necr miscast
   338 | D:1      | Reached XP level 3. HP: 30/33 MP: 3/3
   452 | D:1      | XOM: silly message
   590 | D:2      | Reached skill level 5 in Axes
   700 | D:2      | XOM: divination: magic mapping
   706 | D:2      | Reached XP level 4. HP: 35/40 MP: 4/4
  1096 | D:3      | Fell from the grace of Xom
  1096 | D:3      | Became a worshipper of Beogh the Brigand
  1283 | D:3      | Reached XP level 5. HP: 42/47 MP: 5/5
  1505 | D:3      | XOM: summons 14 hostile demons
  1506 | D:3      | Noticed a chaos spawn
  1506 | D:3      | Noticed a ynoxinul
  1510 | D:3      | Gained mutation: Your movements are slightly less
                  | encumbered by armour. (ER -2) [potion of mutation]
  1510 | D:3      | Gained mutation: You tend to lose your temper in combat.
                  | [potion of mutation]
  1510 | D:3      | Gained mutation: Your mind is acute. (Int +2) [potion of
                  | mutation]
  1510 | D:3      | Gained mutation: You are partially covered in iridescent
                  | scales. (AC +2) [potion of mutation]
  1514 | D:3      | HP: 2/70 [iron imp[Xom] (6)]
  1516 | D:3      | Slain by an iron imp

Vault maps used:
D:1:      kennysheep_arrival_forest
D:2:      lemuel_upstairs_altar, minmay_tetromino_o2
D:3:      hex_intersection, dk_noncrumbling_3

Skill      XL: |  1  2  3  4 |
---------------+-------------+-----
Dodging        | 1 |  1.7
Fighting       | 4 |  4.4
Axes           | 5 |  5.6
Armour         | 3 |  3.1

Action                   |  1- 3 |  4- 6 || total
-------------------------+-------+-------++-------
Melee: Hand axe          |   100 |    76 ||   176
Invok: Convert to Beogh  |       |     1 ||     1
  Use: Potion            |     1 |     5 ||     6
       Scroll            |       |     6 ||     6
  Eat: Chunk             |       |     2 ||     2
Armor: Leather armour    |    40 |    37 ||    77
       Skin              |       |    59 ||    59
Dodge: Dodged            |    65 |    56 ||   121

Table legend:
 A = Non-vault XP
 B = Vault XP
 C = Vault XP percentage of total XP
 D = Non-vault monster count
 E = Vault monster count
 F = Vault count percentage of total count
                 A         B        C        D         E       F
            +---------+---------+-------+---------+---------+-------
      Total |     163 |      14 |   7.9 |      59 |       2 |   3.3
            +---------+---------+-------+---------+---------+-------
        D:1 |      42 |       0 |   0.0 |      19 |       0 |   0.0
        D:2 |      46 |      14 |  23.3 |      26 |       2 |   7.1
        D:3 |      75 |       0 |   0.0 |      14 |       0 |   0.0
            +---------+---------+-------+---------+---------+-------
